 Dungeon Crawl Stone Soup version 0.19.0-24-gb05acd6 (webtiles) character file.

5576 patrickswayze the Infuser (level 10, -5/48 HPs)
             Began as a Deep Elf Chaos Knight on Nov 20, 2016.
             Slain by a blink frog (16 damage)
             ... on level 1 of the Lair of Beasts.
             The game lasted 00:22:15 (11126 turns).

patrickswayze the Infuser (Deep Elf Chaos Knight)  Turns: 11126, Time: 00:22:16

Health: -5/48      AC:  7    Str:  7 (9)  XL:     10   Next: 44%
Magic:  8/11       EV: 12    Int: 17 (18) God:    Xom [......]
Gold:   1455       SH:  0    Dex: 19 (21) Spells: 2 memorised, 3 levels left

rFire  . . .     SeeInvis .     b - +2 short sword (venom)
rCold  + . .     Gourm    .     q - +3 leather armour
rNeg   . . .     Faith    .     (no shield)
rPois  +         Spirit   .     (no helmet)
rElec  .         Reflect  .     M - +0 cloak
rCorr  .         Harm     .     e - +1 pair of gloves {archery}
MR     ++...     Rnd*Rage +     (no boots)
Stlth  +++++.....               (no amulet)
                                w - +4 ring of dexterity
                                p - ring of protection from cold

@: regenerating
A: berserk 1, blurry vision 1, deformed body, deterioration 1, frail 1, low mp
1, magic resistance 1, sense surroundings 1, poison resistance
a: Renounce Religion


You were on level 1 of the Lair of Beasts.
You worshipped Xom.
You were a very special plaything of Xom.
You were hungry.

You visited 2 branches of the dungeon, and saw 11 of its levels.

You collected 1892 gold pieces.
You spent 437 gold pieces at shops.


Innate Abilities, Weirdness & Mutations

You tend to lose your temper in combat.
Scrolls take you a little longer to read.
Armour fits poorly on your strangely shaped body.
Your body sometimes deteriorates upon taking damage.
You are frail. (-10% HP)
Your magical capacity is low. (-10% MP)
You are resistant to hostile enchantments. (MR+)
You passively map a small area around you.
Your system is resistant to poisons. (rPois)


   Skills:
 - Level 2.4 Fighting
 - Level 10.0 Short Blades
 - Level 0.7 Armour
 - Level 2.4 Dodging
 + Level 10.8 Stealth
 - Level 12.7 Charms


You had 3 spell levels left.
You knew the following spells:

 Your Spells              Type           Power        Failure   Level  Hunger
c - Regeneration          Chrm/Necr      ###.......   10%         3    ####...
Z - Spectral Weapon       Hex/Chrm       ###.....     10%         3    ####...

Inventory:

Hand Weapons
 a - a +1 short sword of chaos
 b - a +2 short sword of venom (weapon)
Missiles
 g - 4 curare-tipped needles
 h - 207 stones (quivered)
 r - 63 poisoned needles
 y - a throwing net
Armour
 e - a +1 pair of gloves of archery (worn)
 q - a +3 leather armour (worn)
 M - a +0 cloak (worn)
Jewellery
 d - an uncursed ring of magical power
 p - a ring of protection from cold (left hand)
 w - a +4 ring of dexterity (right hand)
 H - an uncursed ring of fire {unknown}
Wands
 k - a wand of slowing (16/48)
 C - a wand of random effects (6/48)
 D - a wand of enslavement (13/24)
 J - a wand of acid (6/15)
 K - a wand of iceblast (5/15)
 L - a wand of confusion (20/48)
Scrolls
 i - 5 scrolls of remove curse
 j - 4 scrolls of magic mapping
 m - 4 scrolls of enchant weapon
 s - 2 scrolls of fear
 u - a scroll of enchant armour
 v - 5 scrolls of teleportation
 x - 8 scrolls of identify
 E - a scroll of fog
 P - a scroll of vulnerability {unknown}
 R - a scroll of recharging
Potions
 n - a potion of brilliance
 z - 3 potions of might {unknown}
 A - 2 potions of flight
 B - a potion of agility {unknown}
 I - a potion of ambrosia
 Q - 2 potions of berserk rage {unknown}
 U - a potion of resistance {unknown}
Books
 t - a book of Necromancy

   Spells                             Type                      Level
   a - Pain                           Necromancy                   1
   b - Animate Skeleton               Necromancy                   1
   c - Vampiric Draining              Necromancy                   3
   d - Regeneration                   Charms/Necromancy            3
   e - Animate Dead                   Necromancy                   4
   f - Control Undead                 Necromancy                   4
 F - a book of Battle

   Spells                             Type                      Level
   a - Infusion                       Charms                       1
   b - Shroud of Golubria             Charms/Translocation         2
   c - Song of Slaying                Charms                       2
   d - Spectral Weapon                Hexes/Charms                 3
   e - Regeneration                   Charms/Necromancy            3
 N - a book of Clouds

   Spells                             Type                      Level
   a - Mephitic Cloud                 Conjuration/Poison/Air       3
   b - Conjure Flame                  Conjuration/Fire             3
   c - Poisonous Cloud                Conjuration/Poison/Air       6
   d - Freezing Cloud                 Conjuration/Ice/Air          6
   e - Ring of Flames                 Charms/Fire                  7
Comestibles
 c - 8 bread rations
 f - a beef jerky
 l - 4 meat rations
 o - 4 slices of pizza
 G - 6 fruits


Message History

The blink frog looks as sick as possible!
The blink frog is moderately wounded.
The blink frog barely misses you.
Casting: Spectral Weapon
Confirm with . or Enter, or press ? or * to list all spells.
Your skin crawls.
You are feeling hungry.
The blink frog closely misses you.
The blink frog blinks!
You miss the blink frog. The blink frog hits you.
You miss the blink frog. The blink frog barely misses you.
You hit the blink frog.
The blink frog is poisoned.
The blink frog is lightly wounded.
The blink frog hits you!
* * * LOW HITPOINT WARNING * * *
The blink frog blinks!
The blink frog hits you!
* * * LOW HITPOINT WARNING * * *
You feel better.
The blink frog blinks!
The blink frog hits you!
You die...
Xom guffaws!

........#####....F....<##
#......................#
.....................###
....................##
...................##
.............F....## #
................>## #
...........ยค...F## ##
.##.......###..#@# ##.
###.....### ###### ##..
#P......# ##... ##.....##
###..%. #......# ##.....#
#......# #.....##
##.....# ###....##
#.....# ###.....##
#.....# ##.....P##


You could see 2 blink frogs.

Vanquished Creatures
  3 spiny frogs (Lair:1)
  A komodo dragon (Lair:1)
  Prince Ribbit (D:5)
  Sigmund (D:6)
  2 hungry ghosts
  A water moccasin (Lair:1)
  A porcupine (Lair:1)
  2 sky beasts
  4 phantoms
  A black bear (D:8)
  2 ogres
  3 wolves (Lair:1)
  2 centaurs (D:7)
  2 crocodiles
  3 big kobolds (D:7)
  Blork the orc (D:5)
  6 bullfrogs
  3 scorpions
  The ghost of puimuR the Chopper, a weakling HOMo (D:3)
  2 howler monkeys
  8 crimson imps
  A bullfrog zombie (D:5)
  A centaur skeleton (D:7)
  6 orc priests
  2 hounds (D:5)
  A bullfrog skeleton (D:4)
  3 iguanas
  Ijyb (D:3)
  4 orc wizards
  6 worker ants
  A hound skeleton (D:7)
  13 gnolls
  13 adders
  2 oozes
  2 adder zombies
  An adder skeleton (D:5)
  5 worms
  2 dart slugs
  3 leopard geckos
  21 orcs
  2 ball pythons (D:1)
  6 giant cockroaches
  9 goblins
  10 hobgoblins
  10 jackals
  A quokka (D:8)
  13 bats
  4 frilled lizards
  22 kobolds
  5 rats
  2 fungi
222 creatures vanquished.

Vanquished Creatures (collateral kills)
  A dart slug (D:3)
1 creature vanquished.

Vanquished Creatures (others)
  A wolf (Lair:1)
  A kobold (D:7)
  A fungus (Lair:1)
  2 spectral weapons (Lair:2)
5 creatures vanquished.

Grand Total: 228 creatures vanquished

Notes
Turn   | Place    | Note
-------+----------+-------------------------------------------
     0 | D:1      | patrickswayze the Deep Elf Chaos Knight began the quest for the Orb.
     0 | D:1      | Reached XP level 1. HP: 13/13 MP: 3/3
    61 | D:1      | XOM: harmless Pois miscast
    69 | D:1      | Reached skill level 1 in Stealth
   233 | D:1      | Reached XP level 2. HP: 18/18 MP: 4/4
   333 | D:1      | XOM: divination: magic mapping
   345 | D:1      | Reached skill level 3 in Stealth
   480 | D:1      | XOM: harmless Ice miscast
   494 | D:1      | XOM: divination: detect items
   576 | D:1      | XOM: harmless Conj miscast
   839 | D:2      | XOM: mild Ice miscast
   884 | D:2      | Reached XP level 3. HP: 7/22 MP: 5/5
   902 | D:2      | XOM: scenery: create altars
  1109 | D:2      | XOM: divination: detect items
  1374 | D:2      | XOM: fog
  1547 | D:2      | XOM: god gift: 20 gold pieces
  1636 | D:2      | Gained mutation: You tend to lose your temper in combat. [potion of mutation]
  1636 | D:2      | Gained mutation: Armour fits poorly on your strangely shaped body. [potion of mutation]
  1636 | D:2      | Gained mutation: You are agile. (Dex +2) [potion of mutation]
  1870 | D:2      | Reached XP level 4. HP: 19/27 MP: 6/6
  1900 | D:2      | XOM: give mutations
  1900 | D:2      | Gained mutation: You are frail. (-10% HP) [Xom's mischief]
  1900 | D:2      | Gained mutation: Scrolls take you a little longer to read. [Xom's mischief]
  1900 | D:2      | Gained mutation: Your magical capacity is low. (-10% MP) [Xom's mischief]
  1901 | D:2      | Gained mutation: You passively map a small area around you. [potion of mutation]
  1902 | D:2      | Lost mutation: You are agile. (Dex +2) [potion of mutation]
  1903 | D:2      | Gained mutation: Your system is resistant to poisons. (rPois) [potion of mutation]
  1903 | D:2      | Gained mutation: You are resistant to hostile enchantments. (MR+) [potion of mutation]
  2240 | D:3      | Found a shimmering altar of Xom.
  2250 | D:3      | XOM: god gift: scroll of enchant weapon
  2308 | D:3      | HP: 4/24 [jackal (3)]
  2322 | D:3      | XOM: god gift: 4 curare-tipped needles
  2426 | D:3      | XOM: cast spell 'Dispersal'
  2468 | D:3      | Noticed Ijyb
  2527 | D:3      | Noticed puimuR's ghost (weakling HOMo)
  2576 | D:3      | XOM: god gift: sedimented orange potion {god gift}
  2579 | D:3      | Found a faded altar of an unknown god.
  2579 | D:3      | Found a faded altar of an unknown god.
  2585 | D:3      | Found a faded altar of an unknown god.
  2587 | D:3      | Found a burning altar of Makhleb.
  2588 | D:3      | Found a faded altar of an unknown god.
  2704 | D:3      | Killed Ijyb
  2704 | D:3      | Reached skill level 6 in Stealth
  2704 | D:3      | Reached XP level 5. HP: 16/27 MP: 6/6
  2942 | D:3      | XOM: summons friendly iron imp
  3601 | D:3      | Killed puimuR's ghost
  3872 | D:3      | XOM: cloud trail
  4039 | D:4      | XOM: god gift: 1230 gold pieces
  4091 | D:4      | XOM: god gift: pair of embroidered gloves {god gift}
  4217 | D:4      | Reached XP level 6. HP: 32/32 MP: 7/7
  4305 | D:4      | XOM: potion effect (berserk rage)
  4518 | D:4      | Found a snail-covered altar of Cheibriados.
  4522 | D:4      | XOM: fake destruction
  4727 | D:4      | Reached XP level 7. HP: 36/36 MP: 8/8
  4808 | D:5      | Entered Level 5 of the Dungeon
  4858 | D:5      | Noticed Prince Ribbit
  4937 | D:4      | XOM: potion effect (might)
  5051 | D:4      | XOM: divination: detect creatures
  5167 | D:5      | Found an iron altar of Okawaru.
  5175 | D:5      | Found a shattered altar of Ashenzari.
  5197 | D:5      | XOM: potion effect (brilliance)
  5386 | D:5      | Found a staircase to the Ecumenical Temple.
  5450 | D:5      | Found Ejeg Via's Assorted Antiques.
  5459 | D:5      | Bought a scroll of identify for 38 gold pieces
  5459 | D:5      | Bought a potion of invisibility for 152 gold pieces
  5459 | D:5      | Bought a scroll of identify for 38 gold pieces
  5459 | D:5      | Bought a scroll labeled PUIRIAZIMPE for 19 gold pieces
  5459 | D:5      | Bought a potion of curing for 57 gold pieces
  5459 | D:5      | Bought a scroll of identify for 38 gold pieces
  5459 | D:5      | Bought a scroll labeled HAHIKHL NUIGG for 19 gold pieces
  5459 | D:5      | Bought a tapered brass wand for 76 gold pieces
  5479 | D:5      | Reached skill level 6 in Short Blades
  5553 | D:5      | Noticed Blork the orc
  5570 | D:5      | Killed Blork the orc
  5573 | D:5      | Killed Prince Ribbit
  5583 | D:5      | Noticed a moth of wrath
  5593 | D:5      | Found a bloodstained altar of Trog.
  5626 | D:5      | XOM: noise
  5648 | D:5      | Reached XP level 8. HP: 39/40 MP: 9/9
  5655 | D:5      | XOM: confuse monster(s)
  5896 | D:5      | XOM: confuse monster(s)
  5912 | D:5      | XOM: mild Erth miscast
  6239 | D:5      | XOM: divination: detect creatures
  6254 | D:5      | Found a deep blue altar of Sif Muna.
  6358 | D:5      | Found a stormy altar of Qazlal.
  6358 | D:5      | Found a sacrificial altar of Ru.
  6483 | D:5      | XOM: cast spell 'Olgreb's Toxic Radiance'
  6534 | D:5      | XOM: harmless Erth miscast
  6624 | D:5      | XOM: harmless Chrm miscast
  6669 | D:5      | XOM: enchant monster (bad)
  6682 | D:5      | XOM: divination: detect creatures
  6703 | D:5      | XOM: divination: detect creatures
  6706 | D:5      | XOM: confuse monster(s)
  6742 | D:5      | XOM: god gift: plate armour {god gift}
  7093 | D:6      | Reached skill level 9 in Short Blades
  7097 | D:6      | XOM: medium Divn miscast
  7183 | D:6      | Learned a level 3 spell: Regeneration
  7187 | D:6      | Learned a level 3 spell: Spectral Weapon
  7189 | D:6      | Noticed Sigmund
  7191 | D:6      | Killed Sigmund
  7417 | D:6      | XOM: 3-stop teleportation journey
  7496 | D:6      | Reached skill level 1 in Charms
  7686 | D:6      | Reached skill level 3 in Charms
  7810 | D:6      | XOM: medium Tmut miscast
  7921 | D:7      | XOM: smoke on damage
  7980 | D:7      | Reached skill level 4 in Charms
  7980 | D:7      | Reached XP level 9. HP: 39/44 MP: 10/10
  7995 | D:7      | XOM: scenery: 1 doors open
  8061 | D:7      | Reached skill level 5 in Charms
  8094 | D:7      | Found a glowing golden altar of the Shining One.
  8234 | D:7      | Reached skill level 6 in Charms
  8277 | D:7      | XOM: noise
  8367 | D:7      | Reached skill level 7 in Charms
  8601 | D:7      | XOM: give mutation
  8601 | D:7      | Gained mutation: Your body sometimes deteriorates upon taking damage. [Xom's mischief]
  8634 | D:7      | Reached skill level 8 in Charms
  8658 | D:7      | XOM: scenery: 2 doors close
  8716 | D:7      | XOM: destruction
  8800 | D:7      | Reached skill level 9 in Charms
  8979 | D:8      | XOM: summons friendly crimson imp
  9015 | D:8      | Reached skill level 10 in Charms
  9079 | D:8      | Found an opulent altar of Gozag.
  9244 | D:8      | Found a staircase to the Lair.
  9244 | D:8      | XOM: 2-stop teleportation journey
  9312 | D:8      | Found a white marble altar of Elyvilon.
  9389 | D:8      | Reached skill level 11 in Charms
  9851 | D:9      | Found a shadowy altar of Dithmenos.
  9911 | D:9      | Noticed a purple ugly thing
  9977 | Lair:1   | Entered Level 1 of the Lair of Beasts
  9992 | Lair:1   | Noticed a spiny frog
 10062 | Lair:1   | Noticed a spiny frog
 10074 | Lair:1   | XOM: summons 7 friendly demons
 10078 | Lair:1   | Reached skill level 12 in Charms
 10084 | Lair:1   | Killed a spiny frog
 10084 | Lair:1   | Reached XP level 10. HP: 48/48 MP: 8/11
 10147 | Lair:1   | Killed a spiny frog
 10177 | Lair:1   | XOM: potion effect (might)
 10178 | Lair:1   | XOM: confuse monster(s)
 10245 | Lair:1   | Found a shattered altar of Ashenzari.
 10246 | Lair:1   | Noticed a spiny frog
 10256 | Lair:1   | Killed a spiny frog
 10256 | Lair:1   | Reached skill level 9 in Stealth
 10264 | Lair:1   | XOM: fog
 10335 | Lair:1   | XOM: 3-stop teleportation journey
 10363 | Lair:1   | XOM: harmless Chrm miscast
 10751 | Lair:1   | XOM: stat loss: -1 Str (8/9)
 10890 | Lair:2   | XOM: harmless Conj miscast
 10910 | Lair:2   | XOM: destruction
 10913 | Lair:2   | HP: 7/48 [komodo dragon (8)]
 10920 | Lair:2   | XOM: mild Tloc miscast
 10920 | Lair:2   | HP: 7/48 [something (4)]
 10929 | Lair:2   | XOM: noise
 11125 | Lair:1   | HP: 4/48 [blink frog (9)]
 11126 | Lair:1   | Slain by a blink frog

Vault maps used:
D:1:      eino_arrival_tree_alley
D:2:      mrwooster_statue_mirror, minmay_misc_feat_more_columns
D:3:      nicolae_overflow_crystal_walls, chequers_temple_overflow_minitemple,
          serial_bayou_crossing, uniq_iyjb
D:4:      cheibriados_altar_wand_db
D:5:      nicolae_overflow_hidden_temple, tgw_trog, first_bread, serial_shops,
          nicolae_shop_waterfront, chequers_big_river, bh_walls_and_bars,
          uniq_blork_the_orc, uniq_prince_ribbit1
D:6:      uniq_sigmund
D:7:      tso_altar
D:8:      lemuel_round_altar, dpeg_oklobed_lair, basic_altar
D:9:      grunt_dithmenos_smoke, blue_anna_alchemist
Lair:1:   basic_altar

Action                   |  1- 3 |  4- 6 |  7- 9 | 10-12 || total
-------------------------+-------+-------+-------+-------++-------
Melee: Short sword       |   110 |   172 |   436 |    60 ||   778
 Cast: Spectral Weapon   |       |       |    10 |     9 ||    19
       Regeneration      |       |       |     2 |     6 ||     8
Evoke: Wand              |       |       |     4 |       ||     4
  Use: Scroll            |     8 |     6 |     4 |       ||    18
       Potion            |     4 |     8 |     2 |     1 ||    15
 Stab: Sleeping          |     6 |    11 |    24 |     3 ||    44
       Confused          |       |     3 |     3 |       ||     6
       Paralysed         |       |     1 |       |     1 ||     2
       Petrifying        |       |       |     2 |       ||     2
       Distracted        |       |       |     5 |     1 ||     6
  Eat: Chunk             |     2 |     8 |    16 |     4 ||    30
       Royal jelly       |       |     1 |       |     1 ||     2
       Beef jerky        |       |       |     2 |       ||     2
Armor: Leather armour    |    45 |    54 |    56 |     6 ||   161
Dodge: Dodged            |    73 |   138 |   203 |    20 ||   434
